 Dungeon Crawl Stone Soup version 0.29.0-11-gd7f09526c8 (webtiles) character file.

Game seed: 14952951597669089408

293 Spectrina the Covert (level 6, 0/36 HPs)
             Began as a Deep Elf Monk on Sept 4, 2022.
             Was a Believer of Okawaru.
             Succumbed to a scorpion's poison
             ... on level 4 of the Dungeon.
             The game lasted 00:08:49 (1219 turns).

Spectrina the Covert (Deep Elf Monk)                Turns: 1219, Time: 00:08:50

Health: 0/36       AC:  7    Str:  8    XL:     6   Next: 11%
Magic:  8/8        EV: 13    Int: 17    God:    Okawaru [**....]
Gold:   98         SH:  4    Dex: 20    Spells: 5/5 levels left

rFire   . . .      SeeInvis .   l - +0 rapier
rCold   . . .      Faith    .   g - +0 buckler
rNeg    + . .      Spirit   .   b - +0 robe
rPois   .          Reflect  .   (no helmet)
rElec   .          Harm     .   i - +0 cloak
rCorr   .          Rampage  .   (no gloves)
Will    .....                   (no boots)
Stlth   ++++......              (no amulet)
HPRegen 0.12/turn               n - +4 ring of protection
MPRegen 0.11/turn               p - ring of Iphirhah {rN+ Dex+3}

@: mighty, lethally poisoned (0 -> -3)
A: no striking features
a: Renounce Religion, Heroism


You were on level 4 of the Dungeon.
You worshipped Okawaru.
Okawaru was pleased with you.
You visited 1 branch of the dungeon, and saw 4 of its levels.

You collected 98 gold pieces.

Inventory:

Hand Weapons
 a - a +0 short sword
 d - a +0 sling
 l - a +0 rapier (weapon)
Missiles
 m - 5 javelins (quivered)
Armour
 b - a +0 robe (worn)
 g - a +0 buckler (worn)
 i - a +0 cloak (worn)
Jewellery
 j - a ring of flight
 n - a +4 ring of protection (left hand)
 p - the ring of Iphirhah (right hand) {rN+ Dex+3}
   (You found it on level 3 of the Dungeon)

   [ring of positive energy]

   Dex:       It affects your dexterity (+3).
   rN:        It protects you from negative energy.
Wands
 k - a wand of flame (6)
Scrolls
 c - 2 scrolls of identify {unknown}
 e - a scroll of immolation {unknown}
 f - a scroll of torment {unknown}
 h - a scroll of magic mapping {unknown}


   Skills:
 - Level 2.4 Fighting
 - Level 3.0 Short Blades
 - Level 3.6 Dodging
 + Level 8.5 Stealth


You had 5 spell levels left.
You didn't know any spells.
Your spell library contained the following spells:

 Spells                   Type           Power      Damage    Failure   Level
 Beastly Appendage        Tmut           0%         N/A       32%         1
 Necrotise                Necr           0%         1d4       32%         1
 Wereblood                Tmut           0%         N/A       43%         2
 Spider Form              Tmut/Pois      0%         N/A       67%         3
 Vampiric Draining        Necr           0%         2d6       67%         3
 Agony                    Necr           0%         N/A       100%        5


Dungeon Overview and Level Annotations

Branches:
Dungeon (4/15)
 Temple: D:4-7

Altars:
Cheibriados
Okawaru
Wu Jian


Message History

You block the scorpion's attack.
You closely miss the scorpion.
The scorpion is moderately wounded.
The scorpion stings you but does no damage. x2
You hit the scorpion but do no damage.
The scorpion is moderately wounded.
The scorpion stings you.
You are poisoned.
The scorpion poisons you!
You hit the scorpion.
The scorpion is moderately wounded.
You feel very sick. The scorpion barely misses you.
It was a potion of might.
You feel very mighty all of a sudden.
You feel sick. The scorpion completely misses you.
You puncture the scorpion!
The scorpion is severely wounded.
You feel sick. The scorpion stings you.
* * * LOW HITPOINT WARNING * * *
You are lethally poisoned!
The scorpion poisons you!
You puncture the scorpion!
You kill the scorpion!
Okawaru accepts your kill.
* * * LOW HITPOINT WARNING * * *
You feel very sick.
You have reached level 6!
You aren't carrying any potions.
Okay, then.
* * * LOW HITPOINT WARNING * * *
You feel sick.
* * * LOW HITPOINT WARNING * * *
You feel sick.
* * * LOW HITPOINT WARNING * * *
You feel sick.
Found a stone staircase leading up.
* * * LOW HITPOINT WARNING * * *
You feel sick.
You die...

.......# ..†....#
#......# .
##...#.## ..
#.###..##### ...
#.####.....#
###..<.
#.<.########
....#.# #...#
#####......#
##...########...@.#
#.......†.†...##..#
#..#....#######..##
.....##..†..# #.##
...#####..s..##.
... #.###.[?. ##
#.# ##. ... #. #.#


There were no monsters in sight!

Vanquished Creatures
  2 scorpions
  A hound (D:3)
  5 gnolls (D:3)
  3 adders
  3 dart slugs
  An orc (D:3)
  8 ball pythons
  3 bats
  8 endoplasms
  A giant cockroach (D:4)
  6 goblins
  4 hobgoblins
  2 jackals (D:3)
  8 kobolds
  3 quokkas
  2 frilled lizards (D:1)
  3 rats
63 creatures vanquished.

Notes
Turn   | Place    | Note
-------+----------+-------------------------------------------
     0 | D:1      | Spectrina the Deep Elf Monk began the quest for the Orb.
     0 | D:1      | Reached XP level 1. HP: 13/13 MP: 3/3
     2 | D:1      | Noticed an ogre
     2 | D:1      | Noticed a meteoran
     4 | D:1      | Noticed a palentonga
     4 | D:1      | Noticed a naga
     6 | D:1      | Noticed a troll
     6 | D:1      | Noticed a vine stalker
     8 | D:1      | Noticed a vampire
    10 | D:1      | Noticed a tengu
    10 | D:1      | Noticed a merfolk
    12 | D:1      | Noticed an elf
    12 | D:1      | Noticed a spriggan
    14 | D:1      | Noticed a demigod
    14 | D:1      | Noticed a ghoul
    16 | D:1      | Noticed a minotaur
    16 | D:1      | Noticed a gargoyle
    18 | D:1      | Noticed a formicid
    18 | D:1      | Noticed an octopode
    20 | D:1      | Noticed a draconian
    22 | D:1      | Noticed a felid
    24 | D:1      | Noticed a human
    26 | D:1      | Noticed a merfolk
    26 | D:1      | Noticed a troll
    51 | D:1      | Reached skill level 3 in Stealth
    77 | D:1      | Reached XP level 2. HP: 13/18 MP: 4/4
   142 | D:2      | Reached skill level 4 in Stealth
   179 | D:3      | Found a snail-covered altar of Cheibriados.
   246 | D:3      | Reached XP level 3. HP: 9/22 MP: 5/5
   266 | D:3      | Found an ornate altar of the Wu Jian Council.
   275 | D:3      | Reached skill level 5 in Stealth
   358 | D:2      | Reached XP level 4. HP: 11/27 MP: 6/6
   644 | D:2      | Reached skill level 6 in Stealth
   694 | D:3      | Noticed a scorpion
   702 | D:3      | Killed a scorpion
   703 | D:3      | Reached skill level 7 in Stealth
   703 | D:3      | Reached XP level 5. HP: 15/31 MP: 7/7
   829 | D:3      | Identified the ring of Iphirhah {rN+ Dex+3}
   854 | D:3      | Found an iron altar of Okawaru.
   932 | D:3      | Became a worshipper of Warmaster Okawaru
   932 | D:3      | Reached * piety under Okawaru
   932 | D:3      | Reached ** piety under Okawaru
  1151 | D:4      | Reached skill level 8 in Stealth
  1215 | D:4      | Reached XP level 6. HP: 7/36 MP: 8/8
  1218 | D:4      | HP: 1/36 [poisoned by a scorpion]
  1219 | D:4      | Succumbed to a scorpion's poison

Illustrated notes

Levels and vault maps discovered:
D:1:      kb_arrival_jail, layout_basic, shapermc_ecumenical_altar_pompeii,
          st_stairs_12
D:2:      layout_rooms, grunt_ministairs_15, st_stairs_6
D:3:      minmay_bubble_buster, layout_loops_ring, okawaru_altar_gauntlet_db,
          mainiacjoe_overflow_boulevard, nicolae_wu_jian_wuxing_cycle
D:4:      layout_rooms, grunt_temple_overflow_cloverleaf, uniq_edmund,
          uniq_pikel, uniq_eustachio

Skill      XL: |  1  2  3  4  5 |
---------------+----------------+-----
Stealth        | 3 4 5 7 8 |  8.5
Fighting       | |  2.4
Short Blades   | |  3.0
Dodging        | |  3.6

Action                   |  1- 3 |  4- 6 || total
-------------------------+-------+-------++-------
Melee: Short sword       |    62 |    75 ||   137
       Punch             |     1 |       ||     1
       Rapier            |       |    74 ||    74
       Unarmed           |       |     7 ||     7
Evoke: Wand              |       |     1 ||     1
  Use: Potion            |     1 |     2 ||     3
 Stab: Sleeping          |     8 |    16 ||    24
Armor: Robe              |     9 |    44 ||    53
       Skin              |       |     3 ||     3
Dodge: Dodged            |    32 |    79 ||   111
Block: Buckler           |       |    16 ||    16
